 Dungeon Crawl Stone Soup version 0.25.1-2-g60ff931df9 (webtiles) character file.

Game seed: 149993522332198176

25540 gruber the Fencer (level 12, -6/106 HPs)
             Began as a Minotaur Gladiator on Aug 18, 2020.
             Was a High Priest of Makhleb.
             Mangled by an ice beast (10 damage)
             ... summoned by an ice statue
             ... in an ice cave.
             The game lasted 00:20:23 (17969 turns).

gruber the Fencer (Minotaur Gladiator)             Turns: 17969, Time: 00:20:23

Health: -6/106     AC:  9    Str: 23    XL:     12   Next: 90%
Magic:  11/11      EV: 17    Int:  5    God:    Makhleb [*****.]
Gold:   1108       SH: 11    Dex: 13    Spells: 11/11 levels left

rFire    . . .     SeeInvis +   b - +2 long sword (vamp) (curse)
rCold    . . .     Gourm    .   O - +0 buckler
rNeg     . . .     Faith    .   s - +3 leather armour
rPois    .         Spirit   .   c - +0 hat
rElec    .         Reflect  +   P - +0 cloak
rCorr    .         Harm     .   (no gloves)
MR       .....                  (no boots)
Stlth    ++........             H - amulet of reflection
HPRegen  0.27/turn              r - ring of see invisible
MPRegen  0.12/turn              S - ring of stealth

@: no status effects
A: retaliatory headbutt, horns 2
a: Minor Destruction, Lesser Servant of Makhleb, Major Destruction, Greater
Servant of Makhleb, Renounce Religion


You were in an ice cave.
You worshipped Makhleb.
Makhleb was extremely pleased with you.
You were not hungry.

You visited 3 branches of the dungeon, and saw 15 of its levels.
You also visited: Ice Cave.

You collected 1183 gold pieces.
You spent 75 gold pieces at shops.

Inventory:

Hand Weapons
 b - a cursed +2 vampiric long sword (weapon)
Missiles
 d - 3 throwing nets (quivered)
Armour
 c - a +0 hat (worn)
 s - a +3 leather armour (worn)
 O - a +0 buckler (worn)
 P - a +0 cloak (worn)
Jewellery
 q - an uncursed amulet of the acrobat
 r - a ring of see invisible (left hand)
 t - an uncursed ring of resist corrosion
 H - an amulet of reflection (around neck)
 S - a ring of stealth (right hand)
Wands
 a - a wand of digging (7)
 D - a wand of flame (11)
 I - a wand of acid (9)
Scrolls
 e - 5 scrolls of identify
 h - 7 scrolls of noise {unknown}
 i - 3 scrolls of enchant weapon {unknown}
 j - a scroll of immolation {unknown}
 k - 4 scrolls of amnesia {unknown}
 l - 2 scrolls of enchant armour {unknown}
 o - 5 scrolls of teleportation
 v - 3 scrolls of fog {unknown}
 A - 3 scrolls of blinking {unknown}
 C - 6 scrolls of remove curse {unknown}
 L - 2 scrolls of magic mapping {unknown}
 N - a scroll of silence {unknown}
 R - a scroll of brand weapon {unknown}
 U - 2 scrolls of fear {unknown}
Potions
 g - 5 potions of lignification
 m - 6 potions of flight
 n - a potion of magic
 p - 5 potions of curing
 u - 2 potions of haste
 x - 2 potions of heal wounds
 z - a potion of cancellation
 E - 2 potions of brilliance
 G - 2 potions of resistance
 K - a potion of might
 M - 2 potions of invisibility
 Q - 2 potions of stabbing
Comestibles
 f - 15 rations
 w - 5 chunks of flesh


   Skills:
 - Level 10.0 Fighting
 * Level 16.0 Long Blades
   Level 4.2(5.2) Polearms
   Level 4.6(5.4) Staves
 - Level 2.0 Throwing
 - Level 12.0 Armour
 - Level 8.8 Dodging
 - Level 7.2 Shields


You had 11 spell levels left.
You didn't know any spells.
Your spell library contained the following spells:

 Spells                   Type           Power        Failure   Level  Hunger
 Animate Skeleton         Necr           N/A          52%         1    ##.....
 Apportation              Tloc           #.....       52%         1    ##.....
 Beastly Appendage        Tmut           #.....       52%         1    ##.....
 Corona                   Hex            #......      52%         1    ##.....
 Summon Butterflies       Summ           #.......     52%         1    ##.....
 Summon Small Mammal      Summ           #...         52%         1    ##.....
 Ensorcelled Hibernation  Hex/Ice        #.....       65%         2    ###....
 Sticks to Snakes         Tmut           #.......     65%         2    ###....
 Confusing Touch          Hex            #.......     87%         3    ####...
 Dazzling Flash           Conj/Hex       #.....       87%         3    ####...
 Lesser Beckoning         Tloc           #.........   87%         3    ####...
 Spider Form              Tmut/Pois      #.........   87%         3    ####...
 Tukima's Dance           Hex            #.......     87%         3    ####...
 Ice Form                 Ice/Tmut       #.......     99%         4    #####..
 Alistair's Intoxication  Tmut/Pois      #.......     100%        5    ######.
 Blade Hands              Tmut           #.........   100%        5    ######.
 Invisibility             Hex            #.......     100%        6    #######


Dungeon Overview and Level Annotations

Branches:
Dungeon (13/15)            Temple (1/1) D:4            Lair (1/6) D:9
    Orc (0/2) D:9          Vaults (0/5) D:13          IceCv (1/1)

Altars:
Ashenzari
Cheibriados
Dithmenos
Elyvilon
Fedhas
Hepliaklqana
Kikubaaqudgha
Makhleb
Nemelex Xobeh
Okawaru
Trog
Vehumet
Wu Jian
Xom
Yredelemnul
Zin
The Shining One

Shops:
D:4 :   D:5 *

Annotations:
D:7 4 runed translucent doors IceCv exclusion: ice statue


Innate Abilities, Weirdness & Mutations

You reflexively headbutt those who attack you in melee.
You have a pair of horns on your head.


Message History

Unknown command.
You are too injured to fight recklessly!
Unknown command.
You hit the ice statue but do no damage.
You headbutt the ice statue, but do no damage.
The ice statue is severely damaged.
You are engulfed in freezing vapours.
You block the ice beast's attack. The ice statue gestures at you.
The bolt of cold hits you!
* * * LOW HITPOINT WARNING * * *
Unknown command.
Unknown command.
You hit the ice statue but do no damage.
The ice statue is severely damaged.
You are engulfed in freezing vapours.
* * * LOW HITPOINT WARNING * * *
You block the ice beast's attack. The ice beast hits you.
* * * LOW HITPOINT WARNING * * *
The ice beast freezes you!
You die...

######## ##.#....##
#####.(..##..##
##..∩##..####○.#
#∩..####..###○☼#
#....# #..##Y@°#
#...####...##Y8°#
##..####...####§..#
#...##...### .###
#..##.÷.## #.
#.....÷## ..
##...### ## #####


You could see an ice statue and 2 ice beasts.

Vanquished Creatures
  A vault guard (D:12)
  5 two-headed ogres
  A tengu warrior (D:9)
  A death yak (D:9)
  An unseen horror (D:12)
  A deep elf mage (D:12)
  An ugly thing (D:11)
  2 rime drakes (Lair:1)
  A kobold demonologist (D:13)
  A komodo dragon (Lair:1)
  A spiny frog (Lair:1)
  A gargoyle (D:10)
  3 polar bears
  3 trolls
  A hornet (D:10)
  A slime creature (D:13)
  5 hippogriffs
  A wraith (D:12)
  20 yaks
  4 wyverns
  3 hungry ghosts
  A spriggan (D:8)
  4 vampire mosquitoes (D:13)
  A soldier ant (D:13)
  An acid dragon (D:13)
  3 water moccasins
  5 ice beasts
  7 orc warriors
  2 black bears
  4 phantoms
  3 sky beasts
  4 ogres
  4 centaurs
  3 wolves (IceCv)
  A crocodile (Lair:1)
  3 big kobolds
  13 bullfrogs
  A wyvern zombie (D:10)
  3 wyvern skeletons
  A water moccasin zombie (D:7)
  7 scorpions
  9 killer bees
  10 wights
  6 howler monkeys
  2 electric eels (D:9)
  4 crimson imps
  A bullfrog zombie (D:7)
  2 centaur zombies
  A quasit (D:9)
  3 jellies
  2 bullfrog skeletons
  9 hounds
  13 orc priests
  28 orc wizards
  5 centaur skeletons
  6 iguanas
  8 worker ants
  A killer bee zombie (D:6)
  A hound zombie (D:9)
  A hound skeleton (D:10)
  2 worker ant zombies
  Robin (D:4)
  10 adders
  10 gnolls
  A shadow imp (D:10)
  4 white imps (D:9)
  An ufetubus (D:9)
  A worm (D:3)
  An adder skeleton (D:4)
  A dart slug (D:1)
  6 leopard geckos
  55 orcs
  A ball python (D:6)
  4 bats
  5 giant cockroaches
  12 goblins
  10 hobgoblins
  16 jackals
  14 kobolds
  6 quokkas
  3 frilled lizards
  A leopard gecko skeleton (D:4)
  2 quokka skeletons
  3 rats (D:1)
411 creatures vanquished.

Vanquished Creatures (others)
  2 polar bears (IceCv)
2 creatures vanquished.

Grand Total: 413 creatures vanquished

Notes
Turn   | Place    | Note
-------+----------+-------------------------------------------
     0 | D:1      | gruber the Minotaur Gladiator began the quest for the Orb.
     0 | D:1      | Reached XP level 1. HP: 18/18 MP: 0/0
    96 | D:1      | Reached XP level 2. HP: 23/25 MP: 1/1
   335 | D:1      | Reached skill level 1 in Polearms
   835 | D:2      | Reached XP level 3. HP: 30/30 MP: 2/2
  1094 | D:2      | Found an iron altar of Okawaru.
  1787 | D:3      | Reached XP level 4. HP: 37/37 MP: 3/3
  2374 | D:3      | Reached XP level 5. HP: 33/45 MP: 4/4
  3115 | D:4      | Noticed Robin
  3131 | D:4      | Killed Robin
  3292 | D:4      | Reached skill level 5 in Fighting
  3326 | D:4      | Reached XP level 6. HP: 42/56 MP: 5/5
  3506 | D:4      | Found a snail-covered altar of Cheibriados.
  3510 | D:4      | Found a blossoming altar of Fedhas.
  3513 | D:4      | Found a radiant altar of Vehumet.
  3513 | D:4      | Found a hazy altar of Hepliaklqana.
  3532 | D:4      | Found Bych's Book Shop.
  3559 | D:4      | Found a staircase to the Ecumenical Temple.
  3856 | Temple   | Entered the Ecumenical Temple
  3916 | Temple   | Became a worshipper of Makhleb the Destroyer
  4080 | D:4      | Reached XP level 7. HP: 51/66 MP: 3/6
  4522 | D:5      | Entered Level 5 of the Dungeon
  4788 | D:5      | Found Huesh's General Store.
  4794 | D:5      | Bought a scroll of teleportation for 45 gold pieces
  4794 | D:5      | Bought a scroll of identify for 30 gold pieces
  5279 | D:5      | Reached * piety under Makhleb
  6098 | D:6      | Reached XP level 8. HP: 72/79 MP: 7/7
  6101 | D:6      | Reached skill level 10 in Fighting
  6206 | D:6      | Reached skill level 1 in Armour
  6478 | D:6      | Found a sparkling altar of Nemelex Xobeh.
  6765 | D:6      | Reached ** piety under Makhleb
  7461 | D:7      | Reached skill level 5 in Armour
  7481 | D:7      | Noticed a hippogriff
  7483 | D:7      | Reached skill level 5 in Dodging
  7489 | D:7      | Killed a hippogriff
  7646 | D:7      | Reached XP level 9. HP: 70/85 MP: 6/8
  7897 | D:7      | Reached skill level 1 in Long Blades
  7935 | D:7      | Reached skill level 2 in Long Blades
  8006 | D:7      | Reached skill level 3 in Long Blades
  8122 | D:7      | Reached skill level 4 in Long Blades
  8179 | D:7      | Reached skill level 5 in Long Blades
  8508 | D:7      | Found a large runed translucent door.
  8508 | D:7      | Found a large runed translucent door.
  8512 | D:7      | Noticed an unseen horror
  8607 | D:7      | Reached skill level 6 in Long Blades
  8650 | D:7      | Found a large runed translucent door.
  8650 | D:7      | Found a large runed translucent door.
  8667 | D:7      | Reached *** piety under Makhleb
  8670 | D:7      | Reached skill level 7 in Long Blades
  8676 | D:7      | Noticed a troll
  8683 | D:7      | Killed a troll
  8876 | D:8      | Reached skill level 8 in Long Blades
  9072 | D:7      | Reached skill level 9 in Long Blades
  9073 | D:7      | HP: 4/85 [hippogriff (8)]
  9372 | D:8      | Reached XP level 10. HP: 90/93 MP: 9/9
  9390 | D:8      | Found a shadowy altar of Dithmenos.
  9556 | D:8      | Reached skill level 10 in Long Blades
  9625 | D:8      | You fall into a shaft and drop 2 floors!
  9625 | D:10     | Entered Level 10 of the Dungeon
  9626 | D:10     | Noticed a gargoyle
  9643 | D:10     | Killed a gargoyle
  9779 | D:10     | Reached skill level 11 in Long Blades
  9912 | D:10     | Found a white marble altar of Elyvilon.
 10402 | D:10     | Reached **** piety under Makhleb
 10521 | D:9      | Noticed a two-headed ogre
 10521 | D:9      | Noticed a two-headed ogre
 11284 | D:9      | Found a staircase to the Orcish Mines.
 11298 | D:9      | Reached skill level 1 in Shields
 11298 | D:9      | Reached XP level 11. HP: 88/99 MP: 8/10
 11484 | D:9      | Killed a two-headed ogre
 11484 | D:9      | Reached skill level 5 in Shields
 11492 | D:9      | Killed a two-headed ogre
 11907 | D:9      | Noticed a tengu warrior
 11931 | D:9      | Killed a tengu warrior
 12667 | D:9      | Reached skill level 10 in Armour
 12681 | D:9      | Reached ***** piety under Makhleb
 12867 | D:9      | Found a staircase to the Lair.
 12884 | D:9      | Noticed a death yak
 12912 | D:9      | Killed a death yak
 13506 | D:10     | Noticed a two-headed ogre
 13514 | D:10     | Killed a two-headed ogre
 14035 | D:11     | Noticed a purple ugly thing
 14054 | D:11     | Killed a purple ugly thing
 14449 | D:11     | Reached XP level 12. HP: 106/106 MP: 11/11
 14612 | D:11     | Reached skill level 12 in Long Blades
 14912 | D:12     | Noticed a two-headed ogre
 14924 | D:12     | Killed a two-headed ogre
 15245 | D:12     | Reached skill level 13 in Long Blades
 15745 | D:13     | Noticed a two-headed ogre
 15752 | D:13     | Killed a two-headed ogre
 15904 | D:13     | Reached skill level 14 in Long Blades
 16320 | D:13     | Found a gate to the Vaults.
 16320 | D:13     | Noticed a vault guard
 16320 | D:13     | Noticed a vault guard
 16320 | D:13     | Noticed a vault guard
 16331 | D:13     | Noticed a vault guard
 16687 | D:12     | Killed a vault guard
 16962 | D:13     | Reached skill level 15 in Long Blades
 17243 | Lair:1   | Entered Level 1 of the Lair of Beasts
 17770 | Lair:1   | Found a frozen archway.
 17787 | IceCv    | Entered an ice cave
 17920 | IceCv    | Reached skill level 16 in Long Blades
 17969 | IceCv    | HP: 4/106 [ice beast[an ice statue] (2)]
 17969 | IceCv    | Mangled by an ice beast

Illustrated notes

Levels and vault maps discovered:
D:1:      matt_arrival_refuge, layout_basic
D:2:      layout_basic, lemuel_round_altar
D:3:      layout_loops_cross
D:4:      layout_gridville, grunt_temple_overflow_open,
          minmay_temple_entry_grid, serial_shops, shop, uniq_robin
D:5:      layout_loops_corners, serial_shops, nicolae_shop_crystal, first_ration
D:6:      layout_gridville, basic_altar
D:7:      layout_rooms, minmay_hollow_rounded_squares
D:8:      layout_rooms, basic_altar, the_bakery, minmay_misc_feat_tower
D:9:      hangedman_cross_cluster, layout_cave_pods, serial_ice, serial_ice_m,
          serial_ice_e, serial_ice_h, serial_ice_j, serial_ice_n, serial_ice_f,
          serial_ice_g, serial_ice_o, skrybe_limestone_x
D:10:     layout_long_grid, david_defended_altar_elf
D:11:     layout_stronghold
D:12:     layout_small_grid
D:13:     layout_irregular_city, lightli_vaults_fourway_checkpoint
Temple:   minmay_crystal_spiral_temple
Lair:1:   layout_regular_city, portal_ice_cave_rime, grunt_megastairs_1
IceCv:    ice_cave_caverns_03

Skill      XL: |  1  2  3  4  5  6  7  8  9 10 11 12 |
---------------+-------------------------------------+-----
Staves         | 4 |  4.6
Polearms       | 2 3 4 |  4.2
Fighting       | 3 5 7 9 10 | 10.0
Armour         | 6 9 12 | 12.0
Dodging        | 5 6 8 |  8.8
Long Blades    | 9 11 16 | 16.0
Shields        | 1 7 |  7.2
Throwing       | |  2.0

Action                   |  1- 3 |  4- 6 |  7- 9 | 10-12 || total
-------------------------+-------+-------+-------+-------++-------
Melee: Quarterstaff      |    26 |       |       |       ||    26
       Headbutt          |     8 |    22 |    65 |   232 ||   327
       Spear             |    53 |   132 |   163 |       ||   348
       Trident           |       |       |   188 |       ||   188
       Long sword        |       |       |    14 |   830 ||   844
Evoke: Wand              |       |       |     3 |     5 ||     8
  Use: Scroll            |       |       |     8 |     7 ||    15
       Potion            |       |       |     1 |     1 ||     2
 Stab: Sleeping          |       |       |     2 |     4 ||     6
       Distracted        |       |       |     1 |       ||     1
  Eat: Chunk             |     1 |     9 |    15 |    27 ||    52
       Ration            |       |       |       |     2 ||     2
Armor: Leather armour    |     9 |    20 |    61 |   133 ||   223
Dodge: Dodged            |    47 |    46 |   179 |   494 ||   766
Block: Buckler           |       |       |       |   243 ||   243
       Reflection        |       |       |       |     3 ||     3
       Rpst.: Long sword |       |       |     3 |   116 ||   119
